 Dungeon Crawl Stone Soup version 0.26-a0-660-gc07710193c (webtiles) character file.

Game seed: 6083910981372727084

11192 GoodGuyCap the Cleaver (level 11, -7/77 HPs)
             Began as an Octopode Gladiator on Oct 7, 2020.
             Mangled by a boulder beetle (14 damage)
             ... on level 11 of the Dungeon.
             The game lasted 00:17:17 (15033 turns).

GoodGuyCap the Cleaver (Octopode Gladiator)        Turns: 15033, Time: 00:17:18

Health: -7/77      AC:  3    Str: 20    XL:     11   Next: 73%
Magic:  0/11       EV: 23    Int: 11    God:
Gold:   751        SH:  0    Dex: 16    Spells: 10/10 levels left

rFire    . . .     SeeInvis +   K - +5 scythe "Finisher" {speed, eviscerate}
rCold    . . .     Faith    .   (shield currently unavailable)
rNeg     . . .     Spirit   +   b - +2 hat
rPois    .         Reflect  .   B - amulet of guardian spirit
rElec    .         Harm     .   e - +4 ring of evasion
rCorr    .         Rampage  .   p - ring of see invisible
MR       +....                  r - +6 ring of strength
Stlth    +++++.....             u - ring of flight
HPRegen  0.22/turn              y - ring of protection from magic
MPRegen  0.12/turn              (no ring)
                                (no ring)
                                (no ring)

@: about to teleport
A: almost no armour, stealthy swim, amphibious, 8 rings, constrict 8, camouflage
1, gelatinous body 1
a: Evoke Flight


You were on level 11 of the Dungeon.
You visited 2 branches of the dungeon, and saw 12 of its levels.

You collected 751 gold pieces.

Inventory:

Hand Weapons
 a - a +1 vorpal war axe
 K - the +5 scythe "Finisher" (weapon) {speed, eviscerate}
   (You found it on level 11 of the Dungeon)

   Attacks with this weapon are significantly faster.
Missiles
 c - 6 throwing nets (quivered)
Armour
 b - a +2 hat (worn)
Magical Staves
 A - an uncursed staff of fire {unknown}
Jewellery
 e - a +4 ring of evasion (left tentacle)
 k - an uncursed amulet of faith
 p - a ring of see invisible (right tentacle)
 r - a +6 ring of strength (on tentacle)
 u - a ring of flight (on tentacle)
 y - a ring of protection from magic (on tentacle)
 B - an amulet of guardian spirit (around mantle)
 J - an uncursed ring of teleportation
 L - an uncursed ring of ice
Wands
 h - a wand of polymorph (9)
 s - a wand of paralysis (8)
 w - a wand of iceblast (8)
 z - a wand of random effects (14)
 C - a wand of flame (22)
 D - a wand of acid (24)
 H - a wand of disintegration (8)
Scrolls
 m - a scroll of silence {unknown}
 o - 2 scrolls of teleportation
 F - a scroll of summoning
 G - a scroll of magic mapping
 I - a scroll of identify
Potions
 d - 6 potions of curing
 f - a potion of flight
 g - 4 potions of lignification
 i - a potion of ambrosia
 j - 2 potions of invisibility
 l - 2 potions of heal wounds
 n - 3 potions of mutation
 q - a potion of stabbing
 t - 2 potions of berserk rage
 v - a potion of brilliance
 x - a potion of haste
 E - 2 potions of magic {unknown}


   Skills:
 + Level 7.8 Fighting
 + Level 12.5(12.8) Axes
 + Level 4.9(9.6) Polearms
 + Level 2.2 Throwing
 + Level 7.9 Dodging
 + Level 9.4 Stealth
 + Level 0.5 Unarmed Combat


You had 10 spell levels left.
You didn't know any spells.
Your spell library contained the following spells:

 Spells                   Type           Power        Failure   Level
 Confusing Touch          Hex            #.......     71%         3
 Gell's Gravitas          Tloc           #.........   71%         3
 Petrify                  Tmut/Erth      #.......     98%         4
 Metabolic Englaciation   Hex/Ice        #.........   100%        5
 Yara's Violent Unravell  Hex/Tmut       #.........   100%        5


Dungeon Overview and Level Annotations

Branches:
Dungeon (11/15)            Temple (1/1) D:7            Lair (0/6) D:9
    Orc (0/2) D:11

Altars:
Ashenzari
Cheibriados
Dithmenos
Elyvilon
Fedhas
Gozag
Hepliaklqana
Kikubaaqudgha
Makhleb
Nemelex Xobeh
Okawaru
Qazlal
Ru
Sif Muna
Trog
Uskayaw
Vehumet
Wu Jian
Yredelemnul
Zin
The Shining One

Shops:
D:4 *   D:5 (   D:8 !

Annotations:
D:9 Erolcha


Innate Abilities, Weirdness & Mutations

You cannot wear most types of armour.
You are very stealthy in the water. (Stealth+)
You are amphibious.
You can wear up to eight rings at the same time.
You can use your tentacles to constrict eight enemies at once.
Your skin changes colour to match your surroundings (Stealth+).
Your rubbery body absorbs attacks. (AC +1, EV +1)


Message History

You squeeze the boulder beetle, but do no damage.
The boulder beetle is moderately wounded.
The boulder beetle closely misses you.
You slash the boulder beetle!
The boulder beetle is heavily wounded.
The boulder beetle blinks!
Two slime creatures merge to form a large slime creature.
Evoke which item? (* to show all) (? for menu, Esc to quit)
Aiming: Polymorph
Press: ? - help, Shift-Dir - straight line, f - large slime creature
Aim: a large slime creature (chance to defeat MR: 28%)
The large slime creature easily resists.
The large slime creature hits you!!
* * * LOW HITPOINT WARNING * * *
The boulder beetle curls into a ball and begins rolling!
As you read the scroll of teleportation, it crumbles to dust.
You feel strangely unstable. The large slime creature hits you!
* * * LOW HITPOINT WARNING * * *
The boulder beetle hits you!
You die...

#..........###.### #########
###.####...# #...# #.#
###.###.#.# #.#
#.....#.############## #.#
#.#.#..>##...........###
#.######.#.#....#...........'.#
###..........#...##...°°°.....#.#
......######'######..○#####...#..
##.###.## #.....@BJ○○.# #...#..
#.## ##.# #.......○...#...#...###
#.# #.# #...........#...#...# #
#.## ##.# #...#######'#...#...###
##.###..# #...# .$......8.#..)÷..
##...#.# #...# $..8......#B.....
#####.# #...# ......[...#......
#.# #...# ###..[!(..#'###.. #.#
#.^.. ......$.......#(.


You could see a boulder beetle and a large slime creature.

Vanquished Creatures
  Fannar (D:11)
  Erica (D:8)
  A two-headed ogre (D:11)
  Nergalle (D:11)
  An ugly thing (D:11)
  Maurice (D:11)
  A centaur skeleton (D:10)
  A komodo dragon (D:11)
  2 trolls (D:11)
  A hornet (D:9)
  2 slime creatures (D:11)
  Sigmund (D:2)
  6 wraiths (D:11)
  A vampire (D:11)
  A wyvern (D:10)
  4 yaks (D:11)
  4 water moccasins
  An orc warrior (D:11)
  3 black bears
  2 phantoms
  An ice beast (D:9)
  2 ogres
  An eye of draining (D:11)
  A hornet zombie (D:9)
  3 centaurs
  10 bullfrogs
  A scorpion (D:4)
  9 wights
  2 howler monkeys
  A quasit (D:7)
  2 centaur zombies (D:11)
  4 jellies
  7 orc priests
  A hound (D:5)
  3 bullfrog skeletons
  5 iguanas
  Natasha (twice) (D:2)
  6 orc wizards
  6 worker ants
  A hound zombie (D:11)
  A worker ant zombie (D:7)
  Robin (D:2)
  11 gnolls
  A howler monkey skeleton (D:11)
  9 adders
  A shadow imp (D:7)
  4 white imps
  2 ufetubi
  A worm (D:2)
  2 dart slugs (D:4)
  6 leopard geckos
  28 orcs
  7 giant cockroaches
  18 goblins
  17 hobgoblins
  11 jackals
  A quokka (D:6)
  A ball python (D:5)
  7 bats
  6 frilled lizards
  7 kobolds
  4 rats
250 creatures vanquished.

Vanquished Creatures (others)
  11 fungi (D:9)
  20 plants (D:9)
31 creatures vanquished.

Grand Total: 281 creatures vanquished

Notes
Turn   | Place    | Note
-------+----------+-------------------------------------------
     0 | D:1      | GoodGuyCap the Octopode Gladiator began the quest for the
                  | Orb.
     0 | D:1      | Reached XP level 1. HP: 14/14 MP: 1/1
    89 | D:1      | Reached XP level 2. HP: 15/19 MP: 2/2
   435 | D:1      | Found a broken altar of Ashenzari.
   600 | D:1      | Reached XP level 3. HP: 7/24 MP: 3/3
  1448 | D:2      | Noticed Natasha
  1454 | D:2      | Killed Natasha
  1454 | D:2      | Reached XP level 4. HP: 23/29 MP: 4/4
  1534 | D:2      | Reached skill level 1 in Stealth
  1882 | D:2      | Noticed Robin
  1903 | D:2      | Killed Robin
  1903 | D:2      | Reached skill level 4 in Axes
  2239 | D:2      | Reached XP level 5. HP: 34/35 MP: 5/5
  2387 | D:2      | Noticed Sigmund
  2394 | D:2      | Killed Sigmund
  2394 | D:2      | Reached skill level 5 in Axes
  2394 | D:2      | Reached XP level 6. HP: 36/41 MP: 6/6
  2626 | D:2      | Noticed Natasha
  2645 | D:2      | Killed Natasha
  3153 | D:5      | Entered Level 5 of the Dungeon
  3686 | D:4      | Reached XP level 7. HP: 27/46 MP: 7/7
  3978 | D:5      | Reached skill level 6 in Axes
  4135 | D:5      | Found Tagomox's Antique Weapon Shoppe.
  5056 | D:4      | Found Wopulosa's General Store.
  5195 | D:4      | Reached skill level 5 in Dodging
  5263 | D:4      | Reached skill level 7 in Axes
  5263 | D:4      | Reached XP level 8. HP: 24/54 MP: 8/8
  6860 | D:5      | HP: 1/54 [orc wizard/magic dart (8)]
  7980 | D:6      | Reached skill level 5 in Stealth
  8101 | D:6      | Reached skill level 8 in Axes
  9106 | D:7      | Reached XP level 9. HP: 56/59 MP: 9/9
  9375 | D:7      | Found a staircase to the Ecumenical Temple.
  9571 | Temple   | Entered the Ecumenical Temple
  9756 | D:8      | Found Vaghilab's Distillery.
  9815 | D:8      | Found a shadowy altar of Dithmenos.
  9994 | D:8      | Noticed Erica
 10010 | D:8      | Killed Erica
 10010 | D:8      | Reached skill level 5 in Fighting
 10010 | D:8      | Reached skill level 9 in Axes
 10711 | D:9      | Reached skill level 10 in Axes
 10724 | D:9      | Reached XP level 10. HP: 48/68 MP: 7/10
 10727 | D:9      | Found a staircase to the Lair.
 11558 | D:9      | Noticed Erolcha
 11594 | D:10     | Entered Level 10 of the Dungeon
 12391 | D:10     | Reached skill level 11 in Axes
 13173 | D:11     | Found a stormy altar of Qazlal.
 13180 | D:11     | Noticed Nergalle
 13192 | D:11     | Killed Nergalle
 13499 | D:11     | Found a staircase to the Orcish Mines.
 13557 | D:11     | Noticed Maurice
 13560 | D:11     | Killed Maurice
 13577 | D:11     | Noticed a two-headed ogre
 13589 | D:11     | Killed a two-headed ogre
 13589 | D:11     | Reached skill level 12 in Axes
 13589 | D:11     | Reached XP level 11. HP: 55/75 MP: 7/11
 13995 | D:11     | Found the +5 scythe "Finisher" {speed, eviscerate}
 14092 | D:11     | Noticed a boulder beetle
 14252 | D:11     | Reached skill level 1 in Polearms
 14490 | D:11     | Noticed Fannar
 14499 | D:11     | Killed Fannar
 14699 | D:11     | Noticed a green ugly thing
 14706 | D:11     | Killed a green ugly thing
 15033 | D:11     | Mangled by a boulder beetle

Illustrated notes

Levels and vault maps discovered:
D:1:      mrwooster_arrival_statue, layout_basic, evilmike_ruin_ashenzari
D:2:      layout_loops_corners, uniq_robin, uniq_sigmund, uniq_natasha
D:3:      layout_loops_ring, serial_glass, glass_columns_a, glass_columns_a
D:4:      layout_loops_ring, serial_shops, shop_statue
D:5:      layout_basic, serial_shops, shop
D:6:      layout_cave_pods
D:7:      layout_cave_pools, minmay_temple_entry_hall, kennysheep_another_room
D:8:      layout_basic, serial_shops, nicolae_shop_behind_doors,
          grunt_dithmenos_smoke_and_mirrors, uniq_erica
D:9:      layout_irregular_city, lemuel_coloured_pillars_altar,
          due_lair_maze_entry_diamond, serial_column_ruins, column_ruins_hut,
          column_ruins_temple_circle, column_ruins_open_small,
          column_ruins_grid_1, column_ruins_open_tiny,
          column_ruins_corridor_corner, uniq_erolcha
D:10:     layout_roguey, serial_corexii_hall, chequers_hall_statues_corner_a,
          corexii_hall_statues_t
D:11:     kennysheep_blocky_room, layout_loops_ring, basic_altar,
          minmay_guarded_unrand_finisher, uniq_maurice, uniq_fannar,
          uniq_nergalle
Temple:   grunt_wide_crystal_templ

Skill      XL: |  1  2  3  4  5  6  7  8  9 10 11 |
---------------+----------------------------------+-----
Stealth        | 1 2 3 4 5 6 8 9 |  9.4
Axes           | 4 5 7 8 10 12 | 12.5
Dodging        | 4 5 6 7 |  7.9
Fighting       | 3 4 5 7 |  7.8
Polearms       | 4 |  4.9
Throwing       | |  2.2
Unarmed Combat | |  0.5

Action                   |  1- 3 |  4- 6 |  7- 9 | 10-12 || total
-------------------------+-------+-------+-------+-------++-------
Melee: War axe           |    54 |    86 |   226 |   139 ||   505
       Constrict         |    17 |    25 |    54 |    26 ||   122
       Tentacles         |    10 |    17 |    49 |    49 ||   125
       Unarmed           |       |       |       |     4 ||     4
       Scythe            |       |       |       |    63 ||    63
Throw: Throwing net      |     1 |       |       |       ||     1
Evoke: Wand              |       |       |       |     1 ||     1
  Use: Scroll            |     1 |       |     6 |    19 ||    26
       Potion            |       |       |       |     2 ||     2
 Stab: Sleeping          |     3 |     3 |    10 |    12 ||    28
       Distracted        |       |       |       |     3 ||     3
Armor: Skin              |     5 |     5 |     5 |     6 ||    21
Dodge: Dodged            |    38 |    75 |   249 |   163 ||   525

Table legend: (Time is in decaauts)
 A = Elapsed time spent in this place.
 B = Non-inter-level travel time spent in this place.
 C = Inter-level travel time spent in this place.
 D = Time resting spent in this place.
 E = Time spent auto-exploring this place.
 F = Levels seen in this place.
 G = Mean time per level.
                   A        B        C        D        E       F      G
               +--------+--------+--------+--------+--------+-----+--------+
         Total |  15112 |  14658 |    454 |   5494 |   7232 |  12 | 1259.3 |
       Dungeon |  15027 |  14573 |    454 |   5494 |   7161 |  11 | 1366.1 |
        Temple |     84 |     84 |      0 |      0 |     71 |   1 |   84.0 |
               +--------+--------+--------+--------+--------+-----+--------+

Top non-repeatable levels by time:
    D:11: 1930 daAuts
     D:5: 1881 daAuts
     D:2: 1665 daAuts
     D:4: 1521 daAuts
    D:10: 1519 daAuts
     D:1: 1426 daAuts
     D:6: 1243 daAuts
     D:7: 1071 daAuts
     D:9: 985 daAuts
     D:3: 906 daAuts
     D:8: 874 daAuts
  Temple: 84 daAuts
